Workbook

Sheet PRESUPUESTO
C2: MUNICIPIO DE PUERTO TEJADA CAUCA
C3: NIT 891500580-9
C4: SECRETARIA DE PLANEACION E INFRAESTRUCTURA
B5: MANTENIMIENTO DE LA ESCUELA DOS AGUAS
B6: ITEM | C6: DESCRPCIÓN | D6: UNIDAD | E6: CANTIDAD | F6: VALOR UNITARIO | G6: VALOR TOTAL
B8: 1 | C8: PRELIMINARES | G8: =SUM(G9:G13) -> 1161554
B9: 1.1 | C9: DESM. CANAL GALVANIZADA | D9: ML | E9: 21 | F9: =+APUS!G174 -> 9932 | G9: =+ROUND(E9*F9,0) -> 208572
B10: =+B9+0.1 -> 1.2 | C10: RETIRO MATERIAL SOBRANTE | D10: M3 | E10: 4 | F10: =+APUS!G196 -> 29721 | G10: =+ROUND(E10*F10,0) -> 118884
B11: =+B10+0.1 -> 1.3 | C11: DEMOLICION ENCHAPE | D11: M2 | E11: =20*1.3+17.6*1.3+7 -> 55.88 | F11: =+APUS!G1027 -> 7045 | G11: =+ROUND(E11*F11,0) -> 393675
B12: =+B11+0.1 -> 1.4 | C12: DEMOLICION RAMPA EN CONCRETO | D12: M2 | E12: =3.8*3.1 -> 11.78 | F12: =+APUS!G1055 -> 7912 | G12: =+ROUND(E12*F12,0) -> 93203
B13: =+B12+0.1 -> 1.5 | C13: DESMONTE APARATO SANTARIO EXISTENTE | D13: UND | E13: 10 | F13: =+APUS!G1083 -> 34722 | G13: =+ROUND(E13*F13,0) -> 347220
B15: 2 | C15: CUBIERTA | G15: =SUM(G16:G19) -> 4665504
B16: 2.1 | C16: RECORRIDO CUBIERTA EN TEJA FIBROCEMENTO, AJUSTE, LIMPIEZA Y SELLAMIENTO | D16: M2 | E16: 45 | F16: =+APUS!G43 -> 21529 | G16: =+ROUND(E16*F16,0) -> 968805
B17: =+B16+0.1 -> 2.2 | C17: SUMINISTRO E INSTALACION TEJA TRAPEZOIDAL | D17: M2 | E17: 10 | F17: =+APUS!K830 -> 92326 | G17: =+ROUND(E17*F17,0) -> 923260
B18: =+B17+0.1 -> 2.3 | C18: SUMINSTRO E INSTALACION DE CANAL GALVANIZADA CAL.22 | D18: ML | E18: 21 | F18: =+APUS!G328 -> 120723 | G18: =+ROUND(E18*F18,0) -> 2535183
B19: =+B18+0.1 -> 2.4 | C19: LIMPIEZA CANAL PERIMETRAL | D19: ML | E19: =34+20.1 -> 54.1 | F19: =+APUS!G18 -> 4404 | G19: =+ROUND(E19*F19,0) -> 238256
B21: 3 | C21: PINTURAS Y ESTUCOS | G21: =+SUM(G22:G31) -> 36835016
B22: 3.1 | C22: RASQUETEADA-LIJADA-RESANE | D22: M2 | E22: =25.9+30+25+27+42+10.8+29+65+55+7+28+89+60+39+60 -> 592.7 | F22: =+APUS!G223 -> 3255 | G22: =+ROUND(E22*F22,0) -> 1929239
B23: 3.2 | C23: ESTUCO MUROS | D23: M2 | E23: =+E22 -> 592.7 | F23: =+APUS!G448 -> 16789 | G23: =+ROUND(E23*F23,0) -> 9950840
B24: 3.3 | C24: VINILO MUROS (2 MANOS) | D24: M2 | E24: =+E23 -> 592.7 | F24: =+APUS!G421 -> 11924 | G24: =+ROUND(E24*F24,0) -> 7067355
B25: 3.4 | C25: KORAZA DOB VIDA SUPERF.REPELLO [2M] | D25: M2 | E25: =+(11.5*2)+40 -> 63 | F25: =+APUS!G708 -> 27186 | G25: =+ROUND(E25*F25,0) -> 1712718
B26: 3.5 | C26: GRANIPLAX ESGRAFIADO | D26: M2 | E26: =+E25 -> 63 | F26: =+APUS!G737 -> 31135 | G26: =+ROUND(E26*F26,0) -> 1961505
B27: 3.6 | C27: ESMALTE PARA VENTANAS-REJAS | D27: M2 | E27: =2.73+4.62+3.12+7.8+2.795+2.34+3.12+3.12+3.17+6.24+3.67+3.67+3.67+2.82+2.47+2.47+1.82+1.69+3.9+12.6+13.65+2.4+5 -> 98.885 | F27: =+APUS!G766 -> 29284 | G27: =+ROUND(E27*F27,0) -> 2895748
B28: 3.7 | C28: ESMALTE NAVE METALICA H<=2.2M A<=1.0M-2C | D28: UND | E28: 14 | F28: =+APUS!G852 -> 64651 | G28: =+ROUND(E28*F28,0) -> 905114
B29: 3.8 | C29: ESMALTE MARCO METALICO 0.70-1.100 | D29: UND | E29: 14 | F29: =+APUS!G881 -> 36377 | G29: =+ROUND(E29*F29,0) -> 509278
B30: 3.9 | C30: ESMALTE SOBRE MURO | D30: M2 | E30: =32+13+19+17+145+53+55+36+69+62 -> 501 | F30: =+APUS!G909 -> 17438 | G30: =+ROUND(E30*F30,0) -> 8736438
B31: 3.10 | C31: ESMALTE PASAMANOS METALICO TUBULAR-REDONDO | D31: ML | E31: =+(6.2*4+1.5*8)*2 -> 73.6 | F31: =+APUS!G939 -> 15853 | G31: =+ROUND(E31*F31,0) -> 1166781
B33: 4 | C33: ENCHAPES | G33: =+G34+G35 -> 9717766
B34: 4.1 | C34: ENCHAPE CERÁMICO MUROS DE ANTEPECHO | D34: M2 | E34: =20.1*1.05+3.15+4.1+6.3+17.6+1+7.4+6+3 -> 69.655 | F34: =+APUS!K790 -> 91782 | G34: =+ROUND(E34*F34,0) -> 6393075
B35: =+B34+0.1 -> 4.2 | C35: ENCHAPE CERAMICO TRAFICO 4 ANDEN FACHADA PRINCIPAL | D35: M2 | E35: =17.6*1.3+3.8*3.1 -> 34.66 | F35: =+APUS!K807 -> 95923 | G35: =+ROUND(E35*F35,0) -> 3324691
B37: 5 | C37: RED ELECTRICA | G37: =+SUM(G38:G38) -> 262844
B38: 5.1 | C38: BALA PANEL LED 24W | D38: UND | E38: 4 | F38: =+APUS!G534 -> 65711 | G38: =+F38*E38 -> 262844
B40: 5 | C40: OBRAS VARIAS | G40: =+SUM(G41:G41) -> 677382.98
B41: 5.1 | C41: CONCRETO 3000 PSI RAMPA ENTRADA PRINCIPAL | D41: M3 | E41: =3.8*3.1*0.1 -> 1.178 | F41: =+APUS!K816 -> 575028 | G41: =+F41*E41 -> 677382.98
B43: 6 | C43: APARATOS SANITARIOS | G43: =+G44+G45 -> 3960187
B44: 6.1 | C44: SANITARIO BLANCO INSTITUCIONAL LINEA ECONOMICA | D44: UND | E44: 7 | F44: =+APUS!G970 -> 403735 | G44: =+F44*E44 -> 2826145
B45: 6.2 | C45: ORINAL BLANCO INSTITUCIONAL | D45: UND | E45: 3 | F45: =+APUS!G999 -> 378014 | G45: =+F45*E45 -> 1134042
B47: 7 | C47: OTROS | G47: =+G48+G49 -> 5214800
B48: 7.1 | C48: LIMPIEZA GENERAL | D48: M2 | E48: =20*10 -> 200 | F48: =+APUS!G581 -> 2074 | G48: =+F48*E48 -> 414800
B49: 7.2 | C49: DIVISIONES DE BAÑO EN LAMINA GALVANIZADA CAL. 20 3X1,10X1,90 | D49: UND | E49: 1 | F49: 4800000 | G49: =+F49*E49 -> 4800000
B50: TOTAL COSTOS DIRECTOS | G50: =+G8+G15+G21+G33+G37+G40+G43+G47 -> 62495054
B51: ADMINISTRACIÓN | F51: 0.25 | G51: =+ROUND($G$50*F51,0) -> 15623763
B52: IMPREVISTOS | F52: 0.01 | G52: =+ROUND($G$50*F52,0) -> 624951
B53: UTILIDAD | F53: 0.05 | G53: =+ROUND($G$50*F53,0) -> 3124753
B54: TOTAL AIU | F54: =+SUM(F51:F53) -> 0.31 | G54: =+SUM(G51:G53) -> 19373467
B55: VALOR COSTOS DIRECTOS + INDIRECTOS | G55: =+SUM(G54,G50) -> 81868521
B57: VALOR PROYECTO | G57: =+G55 -> 81868521

Sheet MANO DE OBRA
B2: MANO DE OBRA ANALISIS DE PRECIOS UNITARIOS
B4: LISTADO DE MANO DE OBRA
B5: unidad | C5: Ítem | D5: VALOR ($ COP) | E5: OBSERVACIONES
B6: mes | C6: Salario mínimo legal mensual vigente - SMLM básico 2025 | D6: 1423500
B7: mes | C7: Subsidio de transporte 2025 | D7: 200000
B8: mes | C8: Salario mínimo legal mensual vigente - SMLMV 2024 + Subsidio de transporte 2024 | D8: =D6+D7 -> 1623500
B9: día | C9: Jornal + subsidio de transporte 2024 | D9: =D8/30 -> 54116.667
B10: % | C10: Factor prestacional | D10: 0.85
B11: día | C11: Jornal básico con factor prestacional | D11: =(D6/30)+((D6/30)*D10) -> 87782.5
B12: mes | C12: salario basico SMLMV 2024 con factor prestacional | D12: =D6+(D10*D6) -> 2633475
B14: unidad | C14: Insumo | D14: Precio ($ COP) | E14: Factor de Jornal 2024 | F14: OBSERVACIONES
B15: día | C15: Maestro | D15: =+$D$11*E15 -> 95767.083 | E15: 1.0909587
B16: día | C16: Almacenista | D16: =+$D$11*E16 -> 92171.625 | E16: 1.05
B17: día | C17: Obrero | D17: =+$D$11*E17 -> 87782.5 | E17: 1 | G17: =D17/8 -> 10972.812
B18: día | C18: Obrero (2) | D18: =+$D$11*E18 -> 175565 | E18: 2 | G18: =D18/8 -> 21945.625
B19: día | C19: Obrero (3) | D19: =+$D$11*E19 -> 263347.5 | E19: 3
B20: día | C20: Obrero (4) | D20: =+$D$11*E20 -> 351130 | E20: 4
B21: día | C21: Obrero (5) | D21: =+$D$11*E21 -> 438912.5 | E21: 5
B22: día | C22: Obrero (6) | D22: =+$D$11*E22 -> 526695 | E22: 6
B23: día | C23: Obrero (7) | D23: =+$D$11*E23 -> 614477.5 | E23: 7
B24: día | C24: Obrero (8) | D24: =+$D$11*E24 -> 702260 | E24: 8
B25: día | C25: Obrero (9) | D25: =+$D$11*E25 -> 790042.5 | E25: 9
B26: día | C26: Obrero (10) | D26: =+$D$11*E26 -> 877825 | E26: 10
B27: día | C27: Obrero (prueba de carga) | D27: =+$D$11*E27 -> 92171.625 | E27: 1.05
B28: día | C28: Obrero de hincado | D28: =+$D$11*E28 -> 87782.5 | E28: 1
B29: día | C29: Obreros de hincado (2) | D29: =+$D$11*E29 -> 164153.28 | E29: 1.87
B30: día | C30: Obrero de izado | D30: =+$D$11*E30 -> 87782.5 | E30: 1
B31: día | C31: Obreros de izado (2) | D31: =+$D$11*E31 -> 164153.28 | E31: 1.87
B32: día | C32: Oficial | D32: =+$D$11*E32 -> 149230.25 | E32: 1.7 | G32: =D32/8 -> 18653.781
B33: día | C33: Oficial (2) | D33: =+$D$11*E33 -> 298460.5 | E33: 3.4
B34: día | C34: Oficial (3) | D34: =+$D$11*E34 -> 447690.75 | E34: 5.1
B35: día | C35: Oficial + 3 Ayudantes (armado e inyección de anclajes) | D35: =+$D$11*E35 -> 425745.12 | E35: 4.85
B36: día | C36: Oficial experto en desmontaje | D36: =+$D$11*E36 -> 175565 | E36: 2
B37: día | C37: Oficial experto en explosivos | D37: =+$D$11*E37 -> 179954.12 | E37: 2.05
B38: día | C38: Oficial Obrero (3) Cuadrilla de un oficial y 3 Obreros. | D38: =+$D$11*E38 -> 412577.75 | E38: 4.7
B39: día | C39: 1 Oficial y 1 Obrero. | D39: =+$D$11*E39 -> 237012.75 | E39: 2.7
B40: día | C40: Cuadrilla de Un Oficial y (2) Obreros. | D40: =+$D$11*E40 -> 324795.25 | E40: 3.7
B41: día | C41: Cuadrilla de un oficial y (4) Obreros. | D41: =+$D$11*E41 -> 500360.25 | E41: 5.7
B42: día | C42: Cuadrilla de desmontaje (10 personas) | D42: =+$D$11*E42 -> 822522.02 | E42: 9.37
B43: día | C43: Cuadrilla de fabricación | D43: =+$D$11*E43 -> 448568.58 | E43: 5.11
B44: día | C44: Cadenero | D44: =+$D$11*E44 -> 100949.87 | E44: 1.15
B45: día | C45: Cadeneros (2) | D45: =+$D$11*E45 -> 201899.75 | E45: =+E44*2 -> 2.3
B46: día | C46: Carpintero | D46: =+$D$11*E46 -> 175565 | E46: 2
B47: día | C47: Armador | D47: =+$D$11*E47 -> 92171.625 | E47: 1.05
B48: día | C48: Paletero | D48: =+$D$11*E48 -> 87782.5 | E48: 1
B49: día | C49: Paletero (2) | D49: =+$D$11*E49 -> 175565 | E49: 2
B50: día | C50: Rastrillero | D50: =+$D$11*E50 -> 112361.6 | E50: 1.28
B51: día | C51: Rastrilleros (2) | D51: =+$D$11*E51 -> 224723.2 | E51: 2.56
B52: día | C52: Cortador | D52: =+$D$11*E52 -> 114117.25 | E52: 1.3
B53: día | C53: Operador prueba de integridad | D53: =+$D$11*E53 -> 186976.72 | E53: 2.13
B54: día | C54: Operador de maquinaria pesada | D54: =+$D$11*E54 -> 186976.72 | E54: 2.13
B55: día | C55: Perforador | D55: =+$D$11*E55 -> 149230.25 | E55: 1.7
B56: día | C56: Perforador + Ayudante1 + Ayudante2 | D56: =+$D$11*E56 -> 333573.5 | E56: 3.8
B57: día | C57: Soldador | D57: =+$D$11*E57 -> 149230.25 | E57: 1.7
... B63: día | C63: Inspector de fabricación y montaje | D63: =+$D$11*E63 -> 175565 | E63: 2
B64: día | C64: Técnico electricista | D64: =+$D$11*E64 -> 140452 | E64: 1.6 | F64: =D64/8 -> 17556.5
B65: día | C65: Técnico y/o profesionale HSEQ para obra | D65: =+$D$11*E65 -> 131673.75 | E65: 1.5
B66: día | C66: Topógrafo | D66: =+$D$11*E66 -> 210678 | E66: 2.4
B67: día | C67: Calculista | D67: =+$D$11*E67 -> 438912.5 | E67: 5
B68: día | C68: Dibujante | D68: =+$D$11*E68 -> 131673.75 | E68: 1.5
B69: día | C69: Dibujante 2 | D69: =+$D$11*E69 -> 131673.75 | E69: 1.5
B70: día | C70: Técnico agricola, técnico en botanica y/o jardinero | D70: =+$D$11*E70 -> 87782.5 | E70: 1
B71: día | C71: Ingeniero de montaje y prueba | D71: =+$D$11*E71 -> 681192.2 | E71: 7.76
B72: día | C72: Ingeniero de Montaje y Prueba Pilote 1 | D72: =+$D$11*E72 -> 668902.65 | E72: 7.62
B73: día | C73: Ingeniero Especialista prueba de integridad | D73: =+$D$11*E73 -> 574975.38 | E73: 6.55
B74: día | C74: Ingeniero Geotecnista | D74: =+$D$11*E74 -> 574975.38 | E74: 6.55
B75: día | C75: Ingeniero supervisor | D75: =+$D$11*E75 -> 517916.75 | E75: 5.9
B76: día | C76: Ingeniero supervisor y director de prueba | D76: =+$D$11*E76 -> 798820.75 | E76: 9.1
... B79: día | C79: Ingeniero Residente | D79: =+$D$11*E79 -> 201899.75 | E79: 2.3

Sheet APUS
B2: LIMPIEZA CANAL METALICA DLLO. 51-100CM | G2: Unidad: ML
B4: DESCRIPCION | C4: UND | D4: CANT. | E4: DESP.% | F4: PRECIO UNIT | G4: VALOR TOTAL
B6: MATERIALES
G7: =+(D7+D7*E7)*F7 -> 0
G8: =+(D8+D8*E8)*F8 -> 0
F9: SUBTOTAL MATERIALES | G9: =SUM(G7:G8) -> 0
B10: MANO DE OBRA
B11: MANO OBRA ALBANILERIA 1 AYUDANTE-1 OFI | C11: HC | D11: 0.12 | E11: 0 | F11: =+F36 -> 29626.6 | G11: =+(D11+D11*E11)*F11 -> 3555.192
F12: SUBTOTAL MANO DE OBRA | G12: =SUM(G11:G11) -> 3555.192
B13: EQUIPO
B14: ANDAMIO METALICO TUBULAR | C14: U/D | D14: 0.1 | E14: 0 | F14: 6000 | G14: =+(D14+D14*E14)*F14 -> 600
B15: HERRAMIENTA MENOR | C15: % | D15: 0.07 | E15: 0 | F15: =+G12 -> 3555.192 | G15: =+(D15+D15*E15)*F15 -> 248.86344
F16: SUBTOTAL EQUIPO | G16: =SUM(G14:G15) -> 848.86344
B18: TOTAL COSTOS DIRECTOS | G18: =+ROUND(G16+G12+G9,0) -> 4404
B19: COSTOS INDIRECTOS
B20: ADMINISTRACION | E20: 0.25 | G20: =ROUND(G18*E20,0) -> 1101
B21: IMPREVISTOS | E21: 0.01 | G21: =ROUND(G18*E21,0) -> 44
B22: UTILIDAD | E22: 0.05 | G22: =ROUND(G18*E22,0) -> 220
B23: TOTAL COSTOS INDIRECTOS | G23: =SUM(G20:G22) -> 1365
B24: VALOR TOTAL ITEM | G24: =+G23+G18 -> 5769
B27: RECORRIDO CUBIERTA EN TEJA FIBROCEMENTO, AJUSTE, LIMPIEZA Y SELLAMIENTO | G27: Unidad: M2
B29: DESCRIPCION | C29: UND | D29: CANT. | E29: DESP.% | F29: PRECIO UNIT | G29: VALOR TOTAL
B31: MATERIALES
B32: GANCHO P/TEJA ASB. MADERA | C32: UND | D32: 2 | E32: 0 | F32: 1200 | G32: =+(D32+D32*E32)*F32 -> 2400
B33: SOLDADURA TAPA GOTERAS | C33: GLN | D33: 0.03 | E33: 0 | F33: 431000 | G33: =+(D33+D33*E33)*F33 -> 12930
F34: SUBTOTAL MATERIALES | G34: =SUM(G32:G33) -> 15330
B35: MANO DE OBRA
B36: MANO OBRA ALBANILERIA 1 AYUDANTE-1 OFI | C36: HC | D36: 0.18 | E36: 0 | F36: =+F63 -> 29626.6 | G36: =+(D36+D36*E36)*F36 -> 5332.788
F37: SUBTOTAL MANO DE OBRA | G37: =SUM(G36:G36) -> 5332.788
B38: EQUIPO
B39: ANDAMIO METALICO TUBULAR | C39: U/D | D39: 0.1 | E39: 0 | F39: 6000 | G39: =+(D39+D39*E39)*F39 -> 600
B40: HERRAMIENTA MENOR | C40: % | D40: 0.05 | E40: 0 | F40: =+G37 -> 5332.788 | G40: =+(D40+D40*E40)*F40 -> 266.6394
F41: SUBTOTAL EQUIPO | G41: =SUM(G39:G40) -> 866.6394
B43: TOTAL COSTOS DIRECTOS | G43: =+ROUND(G41+G37+G34,0) -> 21529
B44: COSTOS INDIRECTOS
B45: ADMINISTRACION | E45: 0.25 | G45: =ROUND(G43*E45,0) -> 5382
B46: IMPREVISTOS | E46: 0.01 | G46: =ROUND(G43*E46,0) -> 215
B47: UTILIDAD | E47: 0.05 | G47: =ROUND(G43*E47,0) -> 1076
B48: TOTAL COSTOS INDIRECTOS | G48: =SUM(G45:G47) -> 6673
B49: VALOR TOTAL ITEM | G49: =+G48+G43 -> 28202
B54: RECORRIDO CUBIERTA EN TEJA METÁLICA, AJUSTE, LIMPIEZA Y SELLAMIENTO | G54: Unidad: M2
B56: DESCRIPCION | C56: UND | D56: CANT. | E56: DESP.% | F56: PRECIO UNIT | G56: VALOR TOTAL
B58: MATERIALES
B59: Tornillo Cubierta Estructura Metálica | C59: UND | D59: 4 | E59: 0 | F59: 705 | G59: =+(D59+D59*E59)*F59 -> 2820
B60: SOLDADURA TAPA GOTERAS | C60: GLN | D60: 0.03 | E60: 0 | F60: 431600 | G60: =+(D60+D60*E60)*F60 -> 12948
F61: SUBTOTAL MATERIALES | G61: =SUM(G59:G60) -> 15768
B62: MANO DE OBRA
B63: MANO OBRA ALBANILERIA 1 AYUDANTE-1 OFI | C63: HC | D63: 0.18 | E63: 0 | F63: 29626.6 | G63: =+(D63+D63*E63)*F63 -> 5332.788
F64: SUBTOTAL MANO DE OBRA | G64: =SUM(G63:G63) -> 5332.788
B65: EQUIPO
B66: ANDAMIO METALICO TUBULAR | C66: U/D | D66: 0.2 | E66: 0 | F66: 6000 | G66: =+(D66+D66*E66)*F66 -> 1200
B67: HERRAMIENTA MENOR | C67: % | D67: 0.05 | E67: 0 | F67: =+G64 -> 5332.788 | G67: =+(D67+D67*E67)*F67 -> 266.6394
F68: SUBTOTAL EQUIPO | G68: =SUM(G66:G67) -> 1466.6394
B70: TOTAL COSTOS DIRECTOS | G70: =+ROUND(G68+G64+G61,0) -> 22567
B71: COSTOS INDIRECTOS
B72: ADMINISTRACION | E72: 0.25 | G72: =ROUND(G70*E72,0) -> 5642
B73: IMPREVISTOS | E73: 0.01 | G73: =ROUND(G70*E73,0) -> 226
B74: UTILIDAD | E74: 0.05 | G74: =ROUND(G70*E74,0) -> 1128
B75: TOTAL COSTOS INDIRECTOS | G75: =SUM(G72:G74) -> 6996
B76: VALOR TOTAL ITEM | G76: =+G75+G70 -> 29563
B81: SUMINISTRO E INSTALACION TEJA FIBRO-CEMENTO | G81: Unidad: M2
B83: DESCRIPCION | C83: UND | D83: CANT. | E83: DESP.% | F83: PRECIO UNIT | G83: VALOR TOTAL
B85: MATERIALES
B86: GANCHO P/TEJA ASB. MADERA | C86: UND | D86: 2 | E86: 0 | F86: 1200 | G86: =+(D86+D86*E86)*F86 -> 2400
B87: TEJA ASB.CEMENTO P 7 # 6 (1.83*0.92) | C87: UND | D87: 0.6 | E87: 0 | F87: 35900 | G87: =+(D87+D87*E87)*F87 -> 21540 | H87: 1.6836 | I87: 1 | J87: =+I87/H87 -> 0.59396531
F88: SUBTOTAL MATERIALES | G88: =SUM(G86:G87) -> 23940
B89: MANO DE OBRA
B90: MANO OBRA ALBANILERIA 2 AYUDANTE-1 OFI | C90: HC | D90: 0.3 | E90: 0 | F90: 37077.08 | G90: =+(D90+D90*E90)*F90 -> 11123.124
F91: SUBTOTAL MANO DE OBRA | G91: =SUM(G90:G90) -> 11123.124
B92: EQUIPO
B93: ANDAMIO METALICO TUBULAR | C93: U/D | D93: 0.3 | E93: 0 | F93: 6000 | G93: =+(D93+D93*E93)*F93 -> 1800
B94: CRUCETA ANDAMIO | C94: DIA | D94: 0.3 | E94: 0 | F94: 500 | G94: =+(D94+D94*E94)*F94 -> 150
B95: HERRAMIENTA MENOR | C95: % | D95: 0.05 | E95: 0 | F95: =+G91 -> 11123.124 | G95: =+(D95+D95*E95)*F95 -> 556.1562
F96: SUBTOTAL EQUIPO | G96: =SUM(G93:G95) -> 2506.1562
B98: TOTAL COSTOS DIRECTOS | G98: =+ROUND(G96+G91+G88,0) -> 37569
B99: COSTOS INDIRECTOS
B100: ADMINISTRACION | E100: 0.25 | G100: =ROUND(G98*E100,0) -> 9392
B101: IMPREVISTOS | E101: 0.01 | G101: =ROUND(G98*E101,0) -> 376
B102: UTILIDAD | E102: 0.05 | G102: =ROUND(G98*E102,0) -> 1878
B103: TOTAL COSTOS INDIRECTOS | G103: =SUM(G100:G102) -> 11646
B104: VALOR TOTAL ITEM | G104: =+G103+G98 -> 49215
B109: DESMONTE CUBIERTA FIBRO CEMENTO | G109: Unidad: M2
B111: DESCRIPCION | C111: UND | D111: CANT. | E111: DESP.% | F111: PRECIO UNIT | G111: VALOR TOTAL
B113: MATERIALES
G114: =+(D114+D114*E114)*F114 -> 0
F115: SUBTOTAL MATERIALES | G115: =SUM(G114:G114) -> 0
B116: MANO DE OBRA
B117: MANO OBRA ALBANILERIA 2 AYUDANTE-1 OFI | C117: HC | D117: 0.2 | E117: 0 | F117: 37077.08 | G117: =+(D117+D117*E117)*F117 -> 7415.416
F118: SUBTOTAL MANO DE OBRA | G118: =SUM(G117:G117) -> 7415.416
B119: EQUIPO
B120: ANDAMIO METALICO TUBULAR | C120: U/D | D120: 0.1 | E120: 0 | F120: 6000 | G120: =+(D120+D120*E120)*F120 -> 600
B121: CRUCETA ANDAMIO | C121: DIA | D121: 0.1 | E121: 0 | F121: 500 | G121: =+(D121+D121*E121)*F121 -> 50
B122: HERRAMIENTA MENOR | C122: % | D122: 0.01 | E122: 0 | F122: =+G118 -> 7415.416 | G122: =+(D122+D122*E122)*F122 -> 74.15416
F123: SUBTOTAL EQUIPO | G123: =SUM(G120:G122) -> 724.15416
B125: TOTAL COSTOS DIRECTOS | G125: =+ROUND(G123+G118+G115,0) -> 8140
B126: COSTOS INDIRECTOS
B127: ADMINISTRACION | E127: 0.25 | G127: =ROUND(G125*E127,0) -> 2035
B128: IMPREVISTOS | E128: 0.01 | G128: =ROUND(G125*E128,0) -> 81
B129: UTILIDAD | E129: 0.05 | G129: =ROUND(G125*E129,0) -> 407
B130: TOTAL COSTOS INDIRECTOS | G130: =SUM(G127:G129) -> 2523
...

Sheet PRESUPUESTO (2)
C1: MUNICIPIO DE PUERTO TEJADA CAUCA
C2: NIT 891500580-9
C3: SECRETARIA DE PLANEACION E INFRAESTRUCTURA
B4: AUNAR ESFUERZOS A TRAVÉS DE CONVENIO SOLIDARIO DE OBRA PARA EL ENLUCIMIENTO Y MEJORAMIENTO DE LAS INSTALACIONES DE LA ESCUELA DOS AGUAS DEL MUNICIPIO DE PUERTO TEJADA CAUCA “OBRAS PARA EL ENLUCIMIENTO Y MEJORAMIENTO DE LAS INSTALACIONES DE LA ESCUELA DOS AGUAS DEL MUNICIPIO DE PUERTO TEJADA CAUCA.”
B5: ITEM | C5: DESCRPCIÓN | D5: UNIDAD | E5: CANTIDAD | F5: VALOR UNITARIO | G5: VALOR TOTAL
B7: 1 | C7: PRELIMINARES | G7: =SUM(G8:G10) -> 648995
B8: 1.1 | C8: DESM. CANAL GALVANIZADA | D8: ML | E8: 21 | F8: =+APUS!G174 -> 9932 | G8: =+ROUND(E8*F8,0) -> 208572
B9: 1.2 | C9: DEMOLICION RAMPA EN CONCRETO | D9: M2 | E9: =3.8*3.1 -> 11.78 | F9: =+APUS!G1055 -> 7912 | G9: =+ROUND(E9*F9,0) -> 93203
B10: 1.3 | C10: DESMONTE APARATO SANTARIO EXISTENTE | D10: UND | E10: 10 | F10: =+APUS!G1083 -> 34722 | G10: =+ROUND(E10*F10,0) -> 347220
B11: 2 | C11: CUBIERTA | G11: =SUM(G12:G15) -> 4665504
B12: 2.1 | C12: RECORRIDO CUBIERTA EN TEJA FIBROCEMENTO, AJUSTE, LIMPIEZA Y SELLAMIENTO | D12: M2 | E12: 45 | F12: =+APUS!G43 -> 21529 | G12: =+ROUND(E12*F12,0) -> 968805
B13: =+B12+0.1 -> 2.2 | C13: SUMINISTRO E INSTALACION TEJA TRAPEZOIDAL | D13: M2 | E13: 10 | F13: =+APUS!K830 -> 92326 | G13: =+ROUND(E13*F13,0) -> 923260
B14: =+B13+0.1 -> 2.3 | C14: SUMINSTRO E INSTALACION DE CANAL GALVANIZADA CAL.22 | D14: ML | E14: 21 | F14: =+APUS!G328 -> 120723 | G14: =+ROUND(E14*F14,0) -> 2535183
B15: =+B14+0.1 -> 2.4 | C15: LIMPIEZA CANAL PERIMETRAL | D15: ML | E15: =34+20.1 -> 54.1 | F15: =+APUS!G18 -> 4404 | G15: =+ROUND(E15*F15,0) -> 238256
B16: 3 | C16: ENCHAPES | G16: =+G17+G18 -> 6393075
B17: 3.1 | C17: ENCHAPE CERÁMICO MUROS DE ANTEPECHO | D17: M2 | E17: =20.1*1.05+3.15+4.1+6.3+17.6+1+7.4+6+3 -> 69.655 | F17: =+APUS!K790 -> 91782 | G17: =+ROUND(E17*F17,0) -> 6393075
B18: =+B17+0.1 -> 3.2 | C18: ENCHAPE CERAMICO TRAFICO 4 ANDEN FACHADA PRINCIPAL | D18: M2 | E18: 0 | F18: =+APUS!K807 -> 95923 | G18: =+ROUND(E18*F18,0) -> 0
B19: 4 | C19: OBRAS VARIAS | G19: =+SUM(G20:G20) -> 677382.98
B20: 4.1 | C20: CONCRETO 3000 PSI RAMPA ENTRADA PRINCIPAL | D20: M3 | E20: =3.8*3.1*0.1 -> 1.178 | F20: =+APUS!K816 -> 575028 | G20: =+F20*E20 -> 677382.98
B21: 5 | C21: APARATOS SANITARIOS | G21: =+G22+G23 -> 3960187
B22: 5.1 | C22: SANITARIO BLANCO INSTITUCIONAL LINEA ECONOMICA | D22: UND | E22: 7 | F22: =+APUS!G970 -> 403735 | G22: =+F22*E22 -> 2826145
B23: 5.2 | C23: ORINAL BLANCO INSTITUCIONAL | D23: UND | E23: 3 | F23: =+APUS!G999 -> 378014 | G23: =+F23*E23 -> 1134042
B24: 6 | C24: OTROS | G24: =+G25 -> 5028902
B25: 6.1 | C25: DIVISIONES DE BAÑO EN LAMINA GALVANIZADA CAL. 20 3X1,10X1,90 | D25: UND | E25: 1 | F25: 5028902 | G25: =+F25*E25 -> 5028902
B26: TOTAL COSTOS DIRECTOS | G26: =+G24+G21+G19+G16+G11+G7 -> 21374046
B27: ADMINISTRACIÓN | F27: 0.25 | G27: =+ROUND($G$26*F27,0) -> 5343512
B28: IMPREVISTOS | F28: 0.01 | G28: =+ROUND($G$26*F28,0) -> 213740
B29: UTILIDAD | F29: 0.05 | G29: =+ROUND($G$26*F29,0) -> 1068702
B30: TOTAL AIU | F30: =+SUM(F27:F29) -> 0.31 | G30: =+SUM(G27:G29) -> 6625954
B31: VALOR PROYECTO | G31: =+G30+G26 -> 28000000
B34: GUSTAVO ADOLFO CAICEDO VIVEROS
B35: Secretario de Planeación e Infraestructura
